 Dungeon Crawl Stone Soup version bcrawl-1.12-10-g10a67aac0f (webtiles) character file.

Game seed: 4853208090612240251

4405 MisterOstroum the Destroyer (level 10, -15/69 HPs)
             Began as a Fairy Conjurer on June 11, 2019.
             Was a Follower of Sif Muna.
             Killed from afar by Erica (32 damage)
             ... with an orb of energy
             ... on level 6 of the Dungeon.
             The game lasted 00:20:24 (6791 turns).

MisterOstroum the Destroyer (Fairy Conjurer)        Turns: 6791, Time: 00:20:24

Health: -15/69     AC:  9    Str:  8    XL:     10   Next: 35%
Magic:  6/23       EV: 16    Int: 19    God:    Sif Muna [*.....]
Gold:   550        SH: 12    Dex: 14    Spells: 11/24 levels left

rFire    . . .     SeeInvis .   t - +0 dagger (chaos)
rCold    . . .     Gourm    .   c - +0 buckler
rNeg     . . .     Faith    .   (armour unavailable)
rPois    +         Spirit   .   (no helmet)
rElec    .         Reflect  .   b - +0 cloak
rCorr    .         Harm     .   d - +0 pair of gloves
MR       +....                  L - +0 pair of boots
Stlth    +.........             (no amulet)
HPRegen  0.21/turn              r - ring of poison resistance
MPRegen  0.18/turn              m - ring of wizardry

@: flying evasively, very slightly contaminated, slowed, very slow
A: small, magic attunement, unstealthy, unfitting armour, able to fly, AC/SH +6
a: Fly, Divine Energy, Renounce Religion


You were on level 6 of the Dungeon.
You worshipped Sif Muna.
Sif Muna was aware of your devotion.
You were not hungry.

You visited 3 branches of the dungeon, and saw 9 of its levels.

You collected 550 gold pieces.

Inventory:

Hand Weapons
 a - a +0 hand axe
 t - a +0 dagger of chaos (weapon)
Missiles
 f - 1514 stones (quivered)
 B - 83 poisoned tomahawks
 C - 103 tomahawks
Armour
 b - a +0 cloak (worn)
 c - a +0 buckler (worn)
 d - a +0 pair of gloves (worn)
 L - a +0 pair of boots (worn)
 S - a +0 pair of boots
Magical Staves
 x - an uncursed staff of air
Jewellery
 j - an uncursed ring of fire
 m - a ring of wizardry (right hand)
 n - an uncursed ring of protection from magic
 q - an uncursed amulet of rage
 r - a ring of poison resistance (left hand)
 G - an uncursed ring of resist corrosion
Wands
 u - a wand of polymorph (14)
 v - a wand of flame (16)
 A - a wand of paralysis (11)
 H - a wand of random effects (13)
 I - a wand of digging (8)
 N - a wand of disintegration (5)
Scrolls
 g - 3 scrolls of magic mapping {unknown}
 h - 2 scrolls of enchant armour {unknown}
 i - a scroll of noise {unknown}
 o - a scroll of blinking {unknown}
 s - 4 scrolls of remove curse {unknown}
 y - 2 scrolls of fog {unknown}
 z - a scroll of vulnerability {unknown}
 E - a scroll of amnesia {unknown}
 F - 2 scrolls of identify {@r1}
 K - a scroll of enchant weapon {unknown}
 M - a scroll of immolation {unknown}
 O - a scroll of torment {unknown}
 R - a scroll of fear {unknown}
 T - 3 scrolls of teleportation {unknown}
Potions
 k - 4 potions of flight
 l - a potion of haste {unknown}
 p - a potion of cancellation {unknown}
 w - a potion of degeneration {unknown}
 D - 2 potions of mutation {unknown}
 J - a potion of berserk rage {unknown}
 P - a potion of might {unknown}
 Q - a potion of curing {unknown}
Comestibles
 e - 18 rations {!d}


   Skills:
 * Level 6.4 Fighting
 - Level 2.6 Dodging
 - Level 1.5 Stealth
 - Level 5.6 Shields
 * Level 7.5 Spellcasting
 + Level 10.6 Conjurations
 * Level 6.7 Transmutations


You had 11 spell levels left.
You knew the following spells:

 Your Spells              Type           Power        Failure   Level  Hunger
a - Magic Dart            Conj           ####         1%          1    None
b - Searing Ray           Conj           #####.       1%          2    None
c - Iskenderun's Mystic   Conj           #####...     1%          3    None
d - Irradiate             Conj/Tmut      #####.....   3%          5    None
e - Flame Tongue          Conj/Fire      ####.        1%          1    None
f - Sting                 Conj/Pois      ####         1%          1    None

Your spell library contained the following spells:

 Spells                   Type           Power        Failure   Level  Hunger
 Dazzling Spray           Conj/Hex       ####..       1%          3    None
 Fulminant Prism          Conj/Hex       ####......   4%          4    None
 Bolt of Draining         Conj/Necr      ####......   12%         5    None
 Iskenderun's Battlesphe  Conj/Chrm      ####....     12%         5    None
 Lehudib's Crystal Spear  Conj/Erth      ####......   100%        8    None


Dungeon Overview and Level Annotations

Branches:
Dungeon (7/12)             Temple (1/1) D:5            Lair (1/6) D:7

Altars:
Dithmenos
Elyvilon
Lugonu
Ru
Sif Muna
Trog
Wu Jian
Xom
Zin

Annotations:
D:2 1 runed door
D:6 Erica
Lair:1 Gastronok


Innate Abilities, Weirdness & Mutations

Your spells do not cause hunger and MP costs are reduced by 1.
Your bright wings attract enemies. (Stealth-)
You cannot fit into any form of body armour.
Your shimmering scales are hard and can block incoming attacks. (AC +6, SH +6)
You are small and have problems with some larger weapons.
You can fly continuously.


Message History

The bat's corpse disappears in a puff of smoke!
Erica is blasted with magical radiation!!
Erica is moderately wounded.
Erica twists and deforms.
You are lightly contaminated with residual magic.
Erica hits you with a +2 scimitar of flaming.
Erica burns you.
Casting: Irradiate (safe; 3% risk of failure)
Confirm with . or Enter, or press ? or * to list all spells.
You don't have enough magic to cast that spell.
You hear the rumble of a very distant avalanche of rocks.
Erica laughs wildly.
Erica hits you but does no damage. You block the crimson imp's attack.
The crimson imp hits the bush.
The river rat barely misses you.
The crimson imp hits you but does no damage.
You block Erica's attack.
The crimson imp hits the bush but does no damage.
The river rat misses you.
You climb upwards.
Welcome back to the Dungeon!
There is a staircase to the Lair here.
You block Erica's attack.
Erica casts a spell.
Erica flickers and vanishes!
Deactivating autopickup; reactivate with Ctrl-A.
You hear some strange, mumbled words.
A bolt of poison appears from out of thin air!
The bolt of poison misses you.
You hear some strange, mumbled words.
Something tries to affect you, but you resist.
You hear some strange, mumbled words.
A bolt of poison appears from out of thin air!
The bolt of poison hits you!
You are poisoned.
You resist.
You hear some strange, mumbled words.
A bolt of poison appears from out of thin air!
The bolt of poison hits you! You resist.
You feel sick.
You feel sick.
You hear some strange, mumbled words.
A bolt of poison appears from out of thin air!
The bolt of poison hits you! You resist.
You start resting.
You feel sick.
There is a strange disturbance nearby!
Casting: Irradiate (safe; 3% risk of failure)
Confirm with . or Enter, or press ? or * to list all spells.
You can't see any susceptible monsters within range! (Use Z to cast anyway.)
Casting: Irradiate (safe; 3% risk of failure)
Confirm with . or Enter, or press ? or * to list all spells.
You can't see any susceptible monsters within range! (Use Z to cast anyway.)
Casting: Irradiate (safe; 3% risk of failure)
Confirm with . or Enter, or press ? or * to list all spells.
Okay, then.
Casting: Irradiate (safe; 3% risk of failure)
Confirm with . or Enter, or press ? or * to list all spells.
Aiming: Searing Ray (safe; 1% risk of failure)
Press: ? - help, Shift-Dir - straight line The searing ray hits something. (Press . to maintain the ray.)
You feel sick. Something hits you. Something burns you.
The searing ray hits something.
You feel sick.
The searing ray hits something.
You block something's attack. Something hits you. Something burns you.
You finish channeling your searing ray.
You feel sick. Something hits you! Something burns you.
It was a potion of flight.
You feel very buoyant.
You flutter up into the air.
Something hits you but does no damage.
You feel sick. Something barely misses you.
You hear some strange, mumbled words.
Something tries to affect you, but you resist.
You hear some strange, mumbled words.
A bolt of poison appears from out of thin air!
The bolt of poison misses you.
You feel sick.
You hear some strange, mumbled words.
A bolt of poison appears from out of thin air!
The bolt of poison misses you.
There is a stone staircase leading up here.
You block something's attack. Something hits you!
* * * LOW HITPOINT WARNING * * *
Something burns you.
* * * LOW HITPOINT WARNING * * *
You fly upwards.
Reactivating autopickup.
You feel sick.
There is a stone staircase leading down here.
You feel sick.
You are no longer poisoned.
Erica appears from thin air!
You block Erica's attack. Erica barely misses you.
There is a stone staircase leading up here.
Erica screams, "Hurry, death AWAITS you!"
Erica mumbles some strange words.
Erica flickers and vanishes!
Deactivating autopickup; reactivate with Ctrl-A.
Something hits you but does no damage.
You hear some strange, mumbled words.
An orb of energy appears from out of thin air!
The orb of energy hits you!
You die...

###########..........#
.....................#
###########..........####
#.............##
#####..............##
##.......###.........#
###..####### #.........#
####...### #####.........#
.........####...@.........#
##.#####....#........<....#
...# ####..............##
#### ###............># #
#......[......#
#################.........#
...........## #......^..#
.......###..# ##.........#
........###.# #.........##


There were no monsters in sight!

Vanquished Creatures
  A black mamba (Lair:1)
  A cane toad (Lair:1)
  A troll (D:6)
  Grinder (D:3)
  A hippogriff (D:6)
  A spriggan (D:7)
  A basilisk (Lair:1)
  A hungry ghost (D:7)
  Edmund (D:4)
  3 wargs (D:7)
  2 water moccasins
  An orc warrior (D:7)
  2 ice beasts
  2 ogres (D:4)
  The ghost of dracos369 the Gusty, an amateur FrAE (D:3)
  A big kobold (D:6)
  2 bullfrogs
  2 scorpions (D:6)
  A water moccasin skeleton (D:5)
  4 crimson imps
  A bullfrog skeleton (D:5)
  A centaur zombie (D:7)
  6 orc priests
  3 hounds
  Ijyb (D:3)
  Terence (D:3)
  2 centaur skeletons
  2 iguanas
  12 orc wizards
  A worker ant (D:4)
  A hound skeleton (D:4)
  A howler monkey zombie (D:6)
  9 adders
  2 oozes
  An adder zombie (D:7)
  2 adder skeletons
  3 worms
  3 dart slugs
  5 leopard geckos
  38 orcs
  3 bats
  3 giant cockroaches
  3 goblins (D:1)
  13 hobgoblins
  12 jackals
  8 kobolds
  4 quokkas
  7 frilled lizards
  A quokka skeleton (D:2)
  3 rats
182 creatures vanquished.

Notes
Turn   | Place    | Note
-------+----------+-------------------------------------------
     0 | D:1      | MisterOstroum the Fairy Conjurer began the quest for the
                  | Orb.
     0 | D:1      | Reached XP level 1. HP: 11/11 MP: 6/6
    81 | D:1      | Reached skill level 5 in Conjurations
   146 | D:1      | Reached XP level 2. HP: 18/18 MP: 8/8
   150 | D:1      | Learned a level 2 spell: Searing Ray
   403 | D:1      | Reached XP level 3. HP: 22/22 MP: 9/9
   408 | D:1      | Learned a level 3 spell: Iskenderun's Mystic Blast
   720 | D:2      | Reached skill level 1 in Fighting
   736 | D:2      | Reached skill level 1 in Shields
   791 | D:2      | Found a sacrificial altar of Ru.
   791 | D:2      | Found an ornate altar of the Wu Jian Council.
   980 | D:2      | Reached XP level 4. HP: 28/28 MP: 8/11
  1063 | D:2      | Found a white marble altar of Elyvilon.
  1129 | D:2      | Found a runed door.
  1762 | D:3      | Reached XP level 5. HP: 33/33 MP: 13/13
  1764 | D:3      | Noticed Terence
  1769 | D:3      | Killed Terence
  1769 | D:3      | Reached skill level 6 in Conjurations
  1776 | D:3      | Learned a level 5 spell: Irradiate
  1944 | D:3      | Noticed Ijyb
  1956 | D:3      | Killed Ijyb
  1967 | D:3      | Noticed Grinder
  1980 | D:3      | Killed Grinder
  1980 | D:3      | Reached skill level 5 in Spellcasting
  1980 | D:3      | Reached skill level 1 in Transmutations
  1980 | D:3      | Reached XP level 6. HP: 14/39 MP: 0/15
  2218 | D:3      | Reached XP level 7. HP: 29/45 MP: 5/16
  2350 | D:3      | Found a large runed translucent door.
  2350 | D:3      | Found a large runed translucent door.
  2350 | D:3      | Noticed dracos369's ghost (amateur FrAE)
  2547 | D:3      | Killed dracos369's ghost
  2547 | D:3      | Reached skill level 7 in Conjurations
  2757 | D:4      | Noticed Edmund
  2867 | D:4      | Killed Edmund
  2867 | D:4      | Reached skill level 8 in Conjurations
  2867 | D:4      | Reached XP level 8. HP: 52/52 MP: 0/17
  3694 | D:5      | Entered Level 5 of the Dungeon
  3849 | D:5      | Reached skill level 5 in Shields
  3849 | D:5      | Reached skill level 9 in Conjurations
  4181 | D:5      | Found a staircase to the Ecumenical Temple.
  4197 | Temple   | Entered the Ecumenical Temple
  4204 | Temple   | Became a worshipper of Sif Muna the Loreminder
  4520 | D:6      | Reached XP level 9. HP: 58/58 MP: 13/18
  4969 | D:6      | Reached skill level 10 in Conjurations
  4971 | D:6      | Reached * piety under Sif Muna
  5361 | D:7      | Identified Saluc's Tome of Evil Arts and Arcane Weapons
                  | (Sif Muna gifted it to you on level 7 of the Dungeon)
  5361 | D:7      | Received a gift from Sif Muna
  5478 | D:7      | Reached skill level 5 in Fighting
  5478 | D:7      | Reached skill level 5 in Transmutations
  5481 | D:7      | Learned a level 1 spell: Flame Tongue
  5483 | D:7      | Learned a level 1 spell: Sting
  5642 | D:7      | Noticed a troll
  5697 | D:6      | Killed a troll
  5870 | D:7      | Reached XP level 10. HP: 20/68 MP: 0/21
  6181 | D:7      | Found a staircase to the Lair.
  6567 | Lair:1   | Entered Level 1 of the Lair of Beasts
  6567 | Lair:1   | Noticed a black mamba
  6572 | Lair:1   | Killed a black mamba
  6575 | Lair:1   | Noticed a cane toad
  6579 | Lair:1   | Killed a cane toad
  6725 | Lair:1   | Noticed Gastronok
  6750 | Lair:1   | Noticed Erica
  6791 | D:6      | Killed from afar by Erica

Skill      XL: |  1  2  3  4  5  6  7  8  9 10 |
---------------+-------------------------------+-----
Conjurations   | 5 6 8 9 10 | 10.6
Spellcasting   | 3 4 5 6 7 |  7.5
Fighting       | 1 2 3 4 5 6 |  6.4
Shields        | 1 2 4 5 |  5.6
Transmutations | 1 2 3 6 |  6.7
Dodging        | |  2.6
Stealth        | |  1.5

Action                   |  1- 3 |  4- 6 |  7- 9 | 10-12 || total
-------------------------+-------+-------+-------+-------++-------
Melee: Dagger            |       |     5 |       |     1 ||     6
 Cast: Magic Dart        |    62 |    29 |    64 |     7 ||   162
       Iskenderun's Myst |    15 |    40 |   122 |    31 ||   208
       Irradiate         |       |     2 |    14 |     6 ||    22
       Searing Ray       |       |       |       |     1 ||     1
 Abil: Stop Flying       |     1 |       |       |       ||     1
  Use: Scroll            |       |     2 |       |       ||     2
       Potion            |       |       |       |     1 ||     1
  Eat: Chunk             |       |     4 |     7 |     3 ||    14
       Ration            |       |       |     1 |       ||     1
Armor: Skin              |     2 |     2 |    14 |     9 ||    27
Dodge: Dodged            |     2 |     5 |    55 |    22 ||    84
Block: Other             |     2 |     1 |    13 |       ||    16
       Buckler           |       |       |     7 |    27 ||    34
